 Dungeon Crawl Stone Soup version 0.18-a0-1418-ga86aa8f (webtiles) character file.

242 Goblin1989 the Insei (level 5, -1/41 HPs)
             Began as a Demonspawn Monk on Feb 27, 2016.
             Slain by an adder (3 damage)
             ... on level 4 of the Dungeon.
             The game lasted 00:13:33 (3424 turns).

Goblin1989 the Insei (Demonspawn Monk)              Turns: 3424, Time: 00:13:33

Health: -1/41      AC: 12    Str: 11    XL:     5   Next: 81%
Magic:  5/5        EV: 11    Int: 13    God:
Gold:   162        SH:  0    Dex: 15    Spells: 0 memorised, 4 levels left

rFire  . . .     SeeInvis .       - Unarmed
rCold  . . .     Gourm    .     j - +0 ring mail
rNeg   . . .     Faith    .     (no shield)
rPois  .         Spirit   .     l - +2 helmet
rElec  .         Dismiss  .     (no cloak)
rCorr  .         Reflect  .     (no gloves)
SustAt .         Harm     .     (no boots)
MR     .....                    (no amulet)
Stlth  ++........               (no ring)
                                h - +2 ring of protection

@: not resistant to hostile enchantments, unstealthy
A: icy blue scales 1, blink, nightstalker 1, shaggy fur 1, slow regeneration 1
a: Blink


You were on level 4 of the Dungeon.
You were not hungry.

You visited 1 branch of the dungeon, and saw 4 of its levels.

You collected 162 gold pieces.

Inventory:

Armour
 j - a +0 ring mail (worn)
 k - a +0 helmet
 l - a +2 helmet (worn)
Jewellery
 h - a +2 ring of protection (left hand)
Scrolls
 a - a scroll of amnesia {unknown}
 c - a scroll of noise {unknown}
 d - 2 scrolls of identify
 e - a scroll of teleportation {unknown}
 g - 2 scrolls of remove curse
 m - a scroll of blinking {unknown}
 o - a scroll of immolation {unknown}
Comestibles
 b - 2 bread rations
 f - a meat ration


   Skills:
 - Level 3.0 Fighting
 - Level 2.6 Dodging
 - Level 1.7 Stealth
 * Level 6.5 Unarmed Combat


You had 4 spell levels left.
You didn't know any spells.

Dungeon Overview and Level Annotations

Branches:
Dungeon (4/15)
 Temple: D:4-7

Altars:
Elyvilon

Annotations:
D:2 exclusion: downstairs
D:3 Grinder
D:4 namelastname112's ghost, amateur DrMo


Innate Abilities, Weirdness & Mutations

You are partially covered in icy blue scales (AC +1).
You are slightly more attuned to the shadows.
You can translocate small distances at will.
You are covered in fur (AC +1).
You regenerate slowly when monsters are visible.


Message History

Namelastname112's ghost hits you!
* * * LOW HITPOINT WARNING * * *
There is a stone staircase leading up, spattered with blood here.
Namelastname112's ghost hits you.
* * * LOW HITPOINT WARNING * * *
There is an open door here.
An adder comes into view.
The adder closely misses you.
You hit the adder.
The adder is lightly wounded.
The adder bites you.
* * * LOW HITPOINT WARNING * * *
You aren't carrying any potions.
Read which item? (? for menu, Esc to quit)
As you read the scroll labeled DUINED GAIGG, it crumbles to dust.
It is a scroll of identify.
Identify which item? (\ to view known items) (? for menu, Esc to quit)
g - 2 scrolls of remove curse The adder bites you.
You die...

#..(..#.#....#
#.....#.#<..##
#.....#.#...#
#.....#.#[..#
#.......#...#
..###'##.##..##
#.##......#
#W##.##...#
#@##$..$...#
#S#######..#
#.# ..# .?#
.... #.. .. #..
#..


You could see namelastname112's ghost and an adder.

Vanquished Creatures
  A scorpion (D:3)
  An orc priest (D:3)
  An orc wizard (D:3)
  7 adders
  2 oozes
  2 dart slugs (D:1)
  2 giant geckos (D:2)
  5 orcs (D:3)
  A ball python (D:2)
  2 giant cockroaches
  4 goblins
  8 hobgoblins
  2 quokkas (D:3)
  5 bats
  4 giant newts
  7 kobolds
  8 rats
62 creatures vanquished.

Notes
Turn   | Place    | Note
--------------------------------------------------------------
     0 | D:1      | Goblin1989 the Demonspawn Monk began the quest for the Orb.
     0 | D:1      | Reached XP level 1. HP: 18/18 MP: 1/1
   270 | D:1      | Reached skill level 4 in Unarmed Combat
   270 | D:1      | Gained mutation: You are slightly more attuned to the shadows. [demonic ancestry]
   270 | D:1      | Reached XP level 2. HP: 20/24 MP: 2/2
  1334 | D:2      | Reached XP level 3. HP: 20/29 MP: 3/3
  1573 | D:2      | Found a white marble altar of Elyvilon.
  1804 | D:2      | Reached skill level 5 in Unarmed Combat
  1853 | D:2      | Reached XP level 4. HP: 27/35 MP: 4/4
  1862 | D:2      | Gained mutation: You are covered in fur (AC +1). [potion of mutation]
  1862 | D:2      | Gained mutation: You can translocate small distances at will. [potion of mutation]
  1862 | D:2      | Gained mutation: You regenerate slowly when monsters are visible. [potion of mutation]
  2729 | D:3      | Reached skill level 6 in Unarmed Combat
  2729 | D:3      | Gained mutation: You are partially covered in icy blue scales (AC +1). [demonic ancestry]
  2729 | D:3      | Reached XP level 5. HP: 24/41 MP: 5/5
  3080 | D:3      | Noticed Grinder
  3177 | D:4      | Noticed namelastname112's ghost (amateur DrMo)
  3423 | D:4      | HP: 2/41 [adder (3)]
  3424 | D:4      | Slain by an adder

Vault maps used:
D:1:      co_arrival_random_square_maze, serial_glass, glass_columns_a,
          glass_columns_c, roderic_roman_lattice
D:2:      lemuel_coloured_pillars_altar, first_bread, minmay_stone_trees_medium
D:3:      uniq_robin, uniq_grinder

Skill      XL: |  1  2  3  4 |
---------------+-------------+-----
Unarmed Combat | 4 5 6 |  6.5
Fighting       | |  3.0
Dodging        | |  2.6
Stealth        | |  1.7

Action                   |  1- 3 |  4- 6 || total
-------------------------+-------+-------++-------
Melee: Unarmed           |   132 |   144 ||   276
  Use: Potion            |       |     7 ||     7
       Scroll            |       |     1 ||     1
 Stab: Sleeping          |     7 |     1 ||     8
       Distracted        |     1 |       ||     1
  Eat: Chunk             |     3 |     5 ||     8
